 Dungeon Crawl Stone Soup version 0.30.1-11-g7821555f0a (webtiles) character file.

Game seed: 1659992353283455429

611 Okkudo the Trooper (level 7, -1/64 HPs)
             Began as a Hill Orc Fighter on Nov 27, 2023.
             Slain by an iguana (9 damage)
             ... on level 4 of the Dungeon.
             The game lasted 00:15:47 (3253 turns).

Okkudo the Trooper (Hill Orc Fighter)               Turns: 3253, Time: 00:15:48

Health: -1/64      AC:  9    Str: 21    XL:     7   Next: 43%
Magic:  7/7        EV:  8    Int:  8    God:
Gold:   190        SH:  5    Dex: 10    Spells: 6/6 levels left

rFire   . . .        a - +1 war axe
rCold   . . .        c - +0 buckler
rNeg    . . .        q - +0 chain mail {rPois}
rPois   +            (no helmet)
rElec   .            (no cloak)
rCorr   .            (no gloves)
SInv    .            (no boots)
Will    .....        (no amulet) Stlth
                     (no ring)
HPRegen 0.30/turn    (no ring)
MPRegen 0.10/turn

%: no passive effects
@: flying
A: no striking features
a: no special abilities


You were on level 4 of the Dungeon.
You visited 1 branch of the dungeon, and saw 6 of its levels.

You collected 223 gold pieces.
You spent 33 gold pieces at shops.

Inventory:

Hand Weapons
 a - a +1 war axe (weapon)
Armour
 c - a +0 buckler (worn)
 q - a +0 chain mail of poison resistance (worn)
Scrolls
 b - a scroll of poison {unknown}
 f - 2 scrolls of identify {unknown}
 j - a scroll of fear {unknown}
 n - a scroll of enchant weapon
 o - a scroll of teleportation {unknown}
 r - 2 scrolls of noise {unknown}
 t - a scroll of magic mapping {unknown}
 u - a scroll of butterflies {unknown}
 w - a scroll of amnesia {unknown}
Potions
 d - a potion of might
 e - a potion of lignification {unknown}
 h - a potion of magic {unknown}
 i - a potion of heal wounds {unknown}
 k - 2 potions of invisibility {unknown}
 l - a potion of resistance {unknown}
 m - a potion of attraction {unknown}
 p - 2 potions of flight
 s - 2 potions of ambrosia {unknown}
 v - a potion of haste {unknown}


   Skills:
 * Level 6.8 Fighting
 + Level 5.3 Axes
 + Level 5.0 Armour
 + Level 5.0 Shields


You had 6 spell levels left.
You didn't know any spells.
Your spell library contained the following spells:

 Spells                   Type           Power      Damage    Failure   Level
 Poisonous Vapours        Pois/Air       0%         N/A       99%         2
 Mephitic Cloud           Conj/Pois/Air  0%         N/A       100%        3
 Freezing Cloud           Conj/Ice/Air   0%         6-21      100%        5
 Summon Forest            Summ/Tloc      0%         N/A       100%        5
 Conjure Ball Lightning   Conj/Air       0%         3x3d6     100%        6
 Eringya's Noxious Bog    Tmut/Pois      0%         N/A       100%        6
 Summon Hydra             Summ           0%         N/A       100%        7
 Discord                  Hex            0%         N/A       100%        8
 Disjunction              Tloc           0%         N/A       100%        8


Dungeon Overview and Level Annotations

Branches:
Dungeon (6/15)
 Temple: D:4-7

Altars:
Fedhas
Nemelex Xobeh
Ru
Sif Muna
Uskayaw

Shops:
D:2 [   D:5 !


Message History

The gnoll hits you with a +0 flail. You block the gnoll's attack.
You slash the gnoll!
You kill the gnoll!
You slash the ogre!
The ogre is severely wounded.
The ogre hits you with a +0 giant club!
You hit the ogre.
The ogre is almost dead.
The ogre hits you with a +0 giant club!
* * * LOW HITPOINT WARNING * * *
An iguana comes into view.
Found 9 gold pieces.
The iguana hisses angrily.
The iguana moves out of view.
Found a sling.
You see here a +0 sling.
You block the iguana's attack. The iguana attacks as you move away!
The iguana bites you.
As you read the scroll of fog, it crumbles to dust.
The scroll dissolves into smoke.
You block the iguana's attack. The iguana attacks as you move away!
The iguana bites you but does no damage.
The iguana attacks as you move away! The iguana bites you.
There is a stone staircase leading down here.
The iguana attacks as you move away! The iguana bites you.
* * * LOW HITPOINT WARNING * * *
The iguana attacks as you move away! The iguana barely misses you.
The iguana hisses menacingly.
Okay, then.
You feel very buoyant.
You fly up into the air.
The iguana bites you but does no damage.
The iguana attacks as you move away! The iguana barely misses you.
The iguana attacks as you move away! The iguana bites you.
* * * LOW HITPOINT WARNING * * *
The iguana attacks as you move away! The iguana bites you!
* * * LOW HITPOINT WARNING * * *
Okay, then.
The iguana attacks as you move away! The iguana bites you!
You die...

#.# #...... .##.#...#.#.#.
##.# ####.# ..#...........
#..# ##.###.#.#...#.#..#
#..# #...........##.#..#
#..# #..)......(....#...
#.## #.####.###.§#.....#
#.#######.#.......§.##.#...
#.........#.##....§...>...#
#.####....@.......§.####...
#.# #.)##l#.##.#######.#.##
#.# #.....#O#........#.#.##
#.# #.......#..####.##.....
#.####.##.....># #....#...
#......#######.# #########
######## #.# #.# #.#


You could see an ogre and an iguana.

Vanquished Creatures
  Grinder (D:3)
  A scorpion (D:5)
  2 hounds
  3 jellies
  An iguana (D:4)
  Ijyb (D:4)
  4 gnolls
  4 adders
  An ufetubus (D:5)
  4 dart slugs
  6 endoplasms
  3 giant cockroaches
  6 hobgoblins
  2 jackals (D:1)
  2 quokkas (D:2)
  6 ball pythons
  4 bats
  2 frilled lizards
  8 goblins
  7 kobolds
  21 rats
89 creatures vanquished.

Notes
Turn   | Place    | Note
-------+----------+-------------------------------------------
     0 | D:1      | Okkudo the Hill Orc Fighter began the quest for the Orb.
     0 | D:1      | Reached XP level 1. HP: 19/19 MP: 1/1
    91 | D:1      | Reached XP level 2. HP: 27/27 MP: 2/2
   209 | D:1      | Found a faded altar of an unknown god.
   343 | D:1      | Reached skill level 4 in Fighting
   481 | D:1      | Reached XP level 3. HP: 33/33 MP: 3/3
  1052 | D:2      | Found Itzosi's Antique Armour Boutique.
  1320 | D:2      | Reached XP level 4. HP: 37/41 MP: 4/4
  1595 | D:3      | Found a sparkling altar of Nemelex Xobeh.
  1710 | D:3      | Noticed Grinder
  1710 | D:3      | Paralysed by Grinder for 5 turns
  1759 | D:3      | Killed Grinder
  1760 | D:3      | Reached skill level 5 in Fighting
  1760 | D:3      | Reached XP level 5. HP: 29/50 MP: 5/5
  1760 | D:3      | Reached XP level 6. HP: 33/57 MP: 6/6
  1844 | D:3      | Found a sacrificial altar of Ru.
  1957 | D:3      | Found a blossoming altar of Fedhas.
  2296 | D:4      | Reached skill level 6 in Fighting
  2315 | D:4      | You fall into a shaft and drop 2 floors!
  2397 | D:5      | Entered Level 5 of the Dungeon
  2432 | D:5      | Found Bafua's Distillery.
  2437 | D:5      | Bought a potion of flight for 33 gold pieces
  2495 | D:5      | Reached XP level 7. HP: 49/64 MP: 7/7
  2566 | D:5      | Found a shimmering blue altar of Sif Muna.
  2581 | D:5      | Reached skill level 5 in Axes
  2794 | D:5      | Found a hide-covered altar of Uskayaw.
  2795 | D:5      | Noticed a +0 hand axe
  2795 | D:5      | Noticed a +0 hand axe
  2912 | D:4      | Noticed Ijyb
  2942 | D:4      | Killed Ijyb
  2943 | D:4      | Reached skill level 5 in Armour
  3066 | D:4      | Reached skill level 5 in Shields
  3253 | D:4      | Slain by an iguana

Illustrated notes

Levels and vault maps discovered:
D:1:      lemuel_arrival_funnel, layout_loops_ring,
          chequers_ecumenical_altar_grove
D:2:      layout_basic, serial_shops, shop_fountains, minmay_rat_hole
D:3:      layout_rooms, fedhas_altar_1, mainiacjoe_overflow_alcove_4,
          amcnicky_altar_gilded, uniq_grinder
D:4:      layout_basic, tgw_kikubaaqudgha, uniq_ijyb
D:5:      layout_basic, dancing_weapons_uskayaw, lemuel_crystal_altar,
          serial_shops, nicolae_shop_rolling_square
D:6:      layout_loops_ring, kennysheep_little_box,
          mainiacjoe_overflow_alcove_1, nicolae_hepliaklqana_monster_ancestors,
          serial_shops, nicolae_shop_waterfront, skrybe_limestone_x,
          kennysheep_generic_room_13, uniq_prince_ribbit1

Skill      XL: |  1  2  3  4  5  6  7 |
---------------+----------------------+-----
Axes           | 3 4 5 |  5.3
Fighting       | 4 5 6 |  6.8
Armour         | 4 5 |  5.0
Shields        | 4 5 |  5.0

Action                     |  1- 3 |  4- 6 |  7- 9 || total
---------------------------+-------+-------+-------++-------
  Melee: War axe           |   100 |    97 |    54 ||   251
    Use: Potion            |       |     2 |     1 ||     3
         Scroll            |       |     2 |     1 ||     3
 Armour: Scale mail        |    30 |       |       ||    30
         Chain mail        |    22 |    53 |    21 ||    96
  Dodge: Dodged            |    49 |    41 |    16 ||   106
  Block: Buckler           |    27 |    19 |    15 ||    61
